 Dungeon Crawl Stone Soup version 0.31-a0-489-g282fc92437 (webtiles) character file.

Game seed: 8988255080577795720

1754 Morbidden the Skirmisher (level 9, -4/68 HPs)
             Began as a Formicid Hunter on Aug 8, 2023.
             Was an Initiate of Cheibriados.
             Slain by a gnoll
             ... wielding a +0 flail
             ... led by a gnoll sergeant
              (8 damage)
             ... on level 6 of the Dungeon.
             The game lasted 00:09:26 (7019 turns).

Morbidden the Skirmisher (Formicid Hunter)          Turns: 7019, Time: 00:09:27

Health: -4/68      AC:  8    Str: 17    XL:     9   Next: 27%
Magic:  10/10      EV: 14    Int: 10    God:    Cheibriados [......]
Gold:   193        SH:  0    Dex: 22    Spells: 8/8 levels left

rFire   . . .        b - +0 rapier (flame)
rCold   . . .        (no shield)
rNeg    . . .        c - +2 leather armour {Will+}
rPois   .            (helmet unavailable)
rElec   .            (no cloak)
rCorr   +            s - +2 pair of gloves
SInv    +            (no boots)
Will    +....        (no amulet)
Stlth   ++           y - ring of resist corrosion
HPRegen 0.31/turn    e - ring of wizardry
MPRegen 0.12/turn

%: wizardry (x1)
@: lethally poisoned (-4 -> -35), very slow
A: permanent stasis, dig shafts and tunnels, antennae 3, four strong arms
a: Dig, Shaft Self, Renounce Religion


You were on level 6 of the Dungeon.
You worshipped Cheibriados.
Cheibriados was noncommittal.
You visited 2 branches of the dungeon, and saw 8 of its levels.

You collected 312 gold pieces.
You spent 119 gold pieces at shops.

Inventory:

Hand Weapons
 a - a +0 orcbow
 b - a +0 rapier of flaming (weapon)
 t - a +0 falchion
Missiles
 i - 2 throwing nets
Armour
 c - a +2 leather armour of willpower (worn)
 s - a +2 pair of gloves (worn)
Jewellery
 e - a ring of wizardry (right hand)
 p - a ring of ice
 y - a ring of resist corrosion (left hand)
Wands
 j - a wand of charming (18)
 q - a wand of digging (4)
Scrolls
 d - 4 scrolls of vulnerability
 g - 3 scrolls of identify
 r - a scroll of butterflies
 u - a scroll of torment
 v - a scroll of amnesia
 w - 3 scrolls of fog
 x - a scroll of enchant armour
 z - a scroll of acquirement {unknown}
Potions
 f - 3 potions of attraction
 h - a potion of might
 k - 3 potions of curing
 l - 4 potions of haste {unknown}
 m - 2 potions of cancellation {unknown}
 n - a potion of lignification {unknown}
 o - 2 potions of magic {unknown}


   Skills:
 * Level 5.3 Fighting
 + Level 2.2(3.0) Short Blades
 * Level 3.0(3.3) Long Blades
 * Level 8.7 Ranged Weapons
 * Level 3.6 Armour
 * Level 3.7 Dodging
 + Level 2.0 Stealth
 * Level 2.0 Invocations


You had 8 spell levels left.
You didn't know any spells.
Your spell library contained the following spells:

 Spells                   Type           Power      Damage    Failure   Level
 Apportation              Tloc           0%         N/A       17%         1
 Necrotise                Necr           0%         1d4       17%         1
 Summon Small Mammal      Summ           0%         N/A       17%         1
 Gell's Gravitas          Tloc           0%         N/A       45%         3
 Summon Guardian Golem    Hex/Summ       0%         N/A       45%         3
 Teleport Other           Tloc           0%         N/A       45%         3
 Olgreb's Toxic Radiance  Pois           0%         N/A       85%         4
 Dispersal                Tloc           0%         N/A       100%        6
 Orb of Destruction       Conj           0%         9d5       100%        7
 Spellforged Servitor     Conj/Summ      0%         N/A       100%        7
 Discord                  Hex            0%         N/A       100%        8
 Ignition                 Fire           0%         3d3       100%        8


Dungeon Overview and Level Annotations

Branches:
Dungeon (7/15)             Temple (1/1) D:5

Altars:
Ashenzari
Cheibriados
Dithmenos
Fedhas
Gozag
Hepliaklqana
Kikubaaqudgha
Makhleb
Nemelex Xobeh
Okawaru
Qazlal
Ru
Sif Muna
Trog
Uskayaw
Vehumet
Xom
The Shining One

Shops:
D:2 [   D:5 ***

Annotations:
D:5 1 runed translucent door, Ethylacetat's ghost, weakling OpDe


Innate Abilities, Weirdness & Mutations

You cannot be hasted, slowed, berserked, paralysed or teleported.
You can dig through walls and to a lower floor.
You have a pair of large antennae on your head. (SInv)
Your four strong arms can wield two-handed weapons with a shield.


Message History

The gnoll sergeant hits you with a +1 trident of venom!
You are more poisoned.
There is a stone staircase leading up here.
You feel sick. The gnoll sergeant misses you.
The gnoll hits you with a +0 flail.
You climb upwards.
You feel very sick.
There is a stone staircase leading down here.
Unknown command.
Unknown command.
Unknown command.
You closely miss the gnoll sergeant.
The gnoll sergeant is heavily wounded.
You feel sick.
The gnoll sergeant hits you with a +1 trident of venom.
You are more poisoned.
The gnoll closely misses you.
Unknown command.
You hit the gnoll sergeant but do no damage.
The gnoll sergeant is heavily wounded.
You feel very sick.
The gnoll sergeant hits you with a +1 trident of venom.
The gnoll misses you.
Unknown command.
You barely miss the gnoll sergeant.
The gnoll sergeant is heavily wounded.
You feel very sick.
The gnoll sergeant hits you with a +1 trident of venom!
* * * LOW HITPOINT WARNING * * *
You are lethally poisoned!
The gnoll barely misses you.
You closely miss the gnoll sergeant.
The gnoll sergeant is heavily wounded.
* * * LOW HITPOINT WARNING * * *
You feel very sick.
The gnoll sergeant hits you with a +1 trident of venom!
* * * LOW HITPOINT WARNING * * *
You are more poisoned.
The gnoll hits you with a +0 flail!
You die...

....##.#.#.......#...#
....##.###########.###
.......#...........#
#.(....#.###########
######.#.# .....#.#.#
###....#.#
########.#########
.......[.......g@#
##......########g#
........+....###.#
........####.....#
........# #..####
........# ##..#
..##+######...#
.......##....##
.......##.##.#


You could see a gnoll sergeant and a gnoll.

Vanquished Creatures
  Sigmund (D:2)
  Edmund (D:5)
  A water moccasin (D:5)
  A black bear (D:5)
  2 centaurs (D:7)
  A phantom (D:7)
  2 kobold brigands
  A gnoll sergeant (D:7)
  2 scorpions
  An orc priest (D:4)
  2 hounds
  2 jellies (D:6)
  A sleepcap (D:5)
  7 iguanas
  4 orc wizards
  Ijyb (D:4)
  8 gnolls
  3 adders
  A shadow imp (D:6)
  A white imp (D:5)
  3 ufetubi
  A worm (D:3)
  3 dart slugs
  19 orcs
  4 endoplasms
  2 giant cockroaches (D:1)
  5 goblins
  6 hobgoblins
  10 jackals
  2 quokkas (D:1)
  3 ball pythons
  3 bats
  4 frilled lizards
  17 kobolds
  4 rats
129 creatures vanquished.

Notes
Turn   | Place    | Note
-------+----------+-------------------------------------------
     0 | D:1      | Morbidden the Formicid Hunter began the quest for the Orb.
     0 | D:1      | Reached XP level 1. HP: 16/16 MP: 1/1
    49 | D:1      | Reached XP level 2. HP: 18/22 MP: 2/2
   192 | D:1      | Reached XP level 3. HP: 28/28 MP: 3/3
   267 | D:1      | Reached skill level 1 in Armour
   549 | D:2      | Noticed Sigmund
   809 | D:2      | Found Catsop's Antique Armour Emporium.
   974 | D:2      | Reached XP level 4. HP: 29/34 MP: 4/4
  1024 | D:2      | Killed Sigmund
  1025 | D:2      | Reached skill level 6 in Ranged Weapons
  1025 | D:2      | Reached XP level 5. HP: 36/41 MP: 5/5
  1025 | D:2      | Reached XP level 6. HP: 41/47 MP: 6/6
  2198 | D:4      | Noticed Ijyb
  2215 | D:4      | Killed Ijyb
  2359 | D:4      | Reached XP level 7. HP: 34/52 MP: 7/7
  3124 | D:5      | Entered Level 5 of the Dungeon
  3124 | D:5      | Noticed a water moccasin
  3383 | D:5      | Reached skill level 1 in Long Blades
  3570 | D:5      | Killed a water moccasin
  3571 | D:5      | Reached skill level 7 in Ranged Weapons
  3690 | D:5      | Found Gecual's Fire Supplies.
  3702 | D:5      | Bought a +0 rapier of flaming for 119 gold pieces
  3707 | D:5      | Found Resofe's Specific Store.
  3711 | D:5      | Found Bazet's General Store.
  3979 | D:5      | Reached XP level 8. HP: 60/60 MP: 8/8
  4351 | D:5      | Found a staircase to the Ecumenical Temple.
  4356 | D:5      | Noticed Ethylacetat's ghost (weakling OpDe)
  4359 | D:5      | Found a runed translucent door.
  4408 | D:5      | Reached skill level 1 in Short Blades
  4514 | D:5      | Noticed Edmund
  4532 | D:5      | Killed Edmund
  4541 | Temple   | Entered the Ecumenical Temple
  4643 | Temple   | Became a worshipper of Cheibriados the Contemplative
  4802 | D:5      | Found a shadowy altar of Dithmenos.
  4809 | D:5      | Found an iron altar of Okawaru.
  5045 | D:6      | Reached skill level 8 in Ranged Weapons
  6066 | D:6      | Found a bloodstained altar of Trog.
  6164 | D:7      | Reached skill level 1 in Invocations
  6178 | D:7      | Reached skill level 5 in Fighting
  6178 | D:7      | Reached XP level 9. HP: 23/68 MP: 9/9
  6536 | D:6      | HP: 2/68 [poisoned by a gnoll sergeant]
  6908 | D:7      | Found a broken altar of Ashenzari.
  7019 | D:6      | Slain by a gnoll

Illustrated notes

Levels and vault maps discovered:
D:1:      dpeg_arrival_long_road, layout_basic
D:2:      layout_loops_ring, serial_shops, nicolae_shop_rolling_square,
          roderic_roman_lattice, uniq_sigmund
D:3:      layout_loops_corners
D:4:      layout_basic, guppyfry_early_orc_mine, uniq_ijyb
D:5:      layout_loops_ring, amethyst_overflow_temple_binary, temple_doors_e,
          hellmonk_ghost_happy_afterlife, dk_noncrumbling_3,
          nicolae_shop_fire_sale [nicolae_sub_dead_trees],
          nicolae_specific_store, minmay_curled_crystal, uniq_edmund
D:6:      layout_basic, lightli_temple_of_fire, nicolae_benzene_ring
D:7:      layout_basic, mainiacjoe_overflow_surrounded_room,
          minmay_gold_behind_fungi, nicolae_shop_gadgets
Temple:   dpeg_chambers_temple

Skill      XL: |  1  2  3  4  5  6  7  8  9 |
---------------+----------------------------+-----
Armour         | 1 2 3 |  3.6
Fighting       | 3 4 5 |  5.3
Ranged Weapons | 6 7 8 |  8.7
Dodging        | 2 3 |  3.7
Long Blades    | 2 3 |  3.0
Short Blades   | 1 2 |  2.2
Stealth        | 2 |  2.0
Invocations    | 1 2 |  2.0

Action                     |  1- 3 |  4- 6 |  7- 9 || total
---------------------------+-------+-------+-------++-------
  Melee: Falchion          |       |       |    26 ||    26
         Rapier            |       |       |   133 ||   133
         Punch             |       |       |     4 ||     4
   Fire: Shortbow          |    89 |    99 |   242 ||   430
         Orcbow            |       |       |    24 ||    24
    Use: Potion            |       |       |     4 ||     4
         Scroll            |       |       |     6 ||     6
   Stab: Sleeping          |       |       |     1 ||     1
 Armour: Leather armour    |     5 |     7 |    79 ||    91
  Dodge: Dodged            |    17 |     8 |   209 ||   234

Table legend: (Time is in decaauts)
 A = Elapsed time spent in this place.
 B = Non-inter-level travel time spent in this place.
 C = Inter-level travel time spent in this place.
 D = Time resting spent in this place.
 E = Time spent auto-exploring this place.
 F = Levels seen in this place.
 G = Mean time per level.
                   A        B        C        D        E       F      G
               +--------+--------+--------+--------+--------+-----+--------+
         Total |   7461 |   6987 |    474 |   1110 |   4649 |   8 |  932.6 |
       Dungeon |   7324 |   6909 |    415 |   1035 |   4649 |   7 | 1046.3 |
        Temple |    136 |     77 |     59 |     75 |      0 |   1 |  136.0 |
               +--------+--------+--------+--------+--------+-----+--------+

Top non-repeatable levels by time:
     D:6: 1641 daAuts
     D:5: 1627 daAuts
     D:3: 1020 daAuts
     D:4: 1008 daAuts
     D:2: 746 daAuts
     D:7: 666 daAuts
     D:1: 613 daAuts
  Temple: 136 daAuts
